 Dungeon Crawl Stone Soup version 0.17-a0-1763-g847a857 (webtiles) character file.

677 Gorice the Cudgeler (level 7, -2/48 HPs)
             Began as an Octopode Wanderer on Sept 4, 2015.
             Slain by a white imp (4 damage)
             ... summoned by Eustachio
             ... on level 6 of the Dungeon.
             The game lasted 00:18:23 (5912 turns).

Gorice the Cudgeler (Octopode Wanderer)             Turns: 5912, Time: 00:18:24

Health: -2/48      AC:  1    Str: 13    XL:     7   Next: 60%
Magic:  7/7        EV: 13    Int: 12    God:
Gold:   122        SH:  0    Dex: 14    Spells: 0 memorised, 6 levels left

rFire  . . .     SeeInvis .     a - +0 flail
rCold  . . .     Clarity  .     (no shield)
rNeg   . . .     SustAt   .     (helmet restricted)
rPois  .         Gourm    .     (no amulet)
rElec  .         Spirit   .     (no ring)
rCorr  .         Warding  .     (no ring)
rMut   .         Stasis   .     (no ring)
MR     .....                    (no ring)
Stlth  ++........               (no ring)
                                (no ring)
                                (no ring)
                                (no ring)

@: not resistant to hostile enchantments, unstealthy
A: almost no armour, amphibious, 8 rings, constrict 8, camouflage 1, gelatinous
body 1
a: no special abilities


You were on level 6 of the Dungeon.
You were hungry.

You visited 1 branch of the dungeon, and saw 6 of its levels.

You collected 122 gold pieces.

Inventory:

Hand weapons
 a - a +0 flail (weapon)
 i - a +0 short sword of speed
   (You found it on level 1 of the Dungeon)
 l - a +2 mace
 u - a +2 dagger of freezing
   (You took it off Ijyb on level 3 of the Dungeon)
Missiles
 k - 58 arrows
 v - 15 sling bullets
 Z - 133 stones (quivered)
Jewellery
 e - an uncursed ring of teleportation
Magical devices
 r - a wand of frost (11)
Scrolls
 f - 2 scrolls of remove curse
 h - 2 scrolls of fog
Potions
 c - 3 potions of lignification {!q}
 n - a potion of flight
 o - 3 potions of curing
 p - a potion of might {unknown}
 q - 3 potions of heal wounds {unknown}
 s - a potion of haste {!q}
 t - a potion of resistance {unknown}
 w - a potion of cure mutation {unknown}
Books
 b - the Compendium of Transmigration

   Spells                             Type                      Level
   a - Beastly Appendage              Transmutation                1
   b - Ignite Poison                  Fire/Transmutation/Poison    3
Comestibles
 d - 3 bread rations {!e}
 g - a meat ration {!e}
 j - 6 fruits
 m - a beef jerky


   Skills:
 + Level 4.0 Fighting
 * Level 7.0 Maces & Flails
 - Level 1.0 Throwing
 + Level 3.7 Dodging
   Level 1.0 Shields
   Level 3.0 Transmutations


You had 6 spell levels left.
You didn't know any spells.

Dungeon Overview and Level Annotations

Branches:
Dungeon (6/15)
 Temple: D:4-7

Altars:
Qazlal
Xom

Annotations:
D:4 vpUX:, Blork the orc, Crazy Yiuf
D:6 Eustachio


Innate Abilities, Weirdness & Mutations

You cannot wear most types of armour.
You are amphibious.
You can wear up to eight rings at the same time.
You can use your tentacles to constrict eight enemies at once.
Your skin changes colour to match your surroundings (Stealth).
Your rubbery body absorbs attacks (AC +1).


Message History

You constrict the shadow imp. The shadow imp gestures at you.
You struggle to resist.
The shadow imp closely misses you.
You thump the shadow imp!
The shadow imp is almost dead.
You constrict the shadow imp.
You kill the shadow imp!
The shadow imp hits you.
Damage: 5 (max 11)
You hit the shadow imp but do no damage.
You grab the shadow imp. You constrict the shadow imp.
The white imp gestures at you. The puff of frost hits you!
The shadow imp closely misses you.
Damage: 6 (max 11)
You thump the shadow imp!
The shadow imp is almost dead.
You constrict the shadow imp.
You kill the shadow imp!
Which direction?
You close the door.
Something unseen opens the door.
Which direction?
You close the door.
Something unseen opens the door.
The white imp hits you. The white imp freezes you.
There is an open door, spattered with blood here.
Damage: 7 (max 7)
The white imp misses you.
Eustachio casts a spell.
You closely miss Eustachio. Your grab misses Eustachio.
You squeeze Eustachio, but do no damage.
Eustachio is heavily wounded.
The bat completely misses you. The white imp misses you.
The quokka bites you but does no damage.
Eustachio misses you. The white imp gestures at you.
The puff of frost hits you!
* * * LOW HITPOINT WARNING * * *
Damage: 8 (max 8) Unknown command.
Unknown command.
You closely miss Eustachio. You grab Eustachio.
Eustachio is heavily wounded.
You constrict Eustachio, but do no damage.
The bat barely misses you. The quokka closely misses you.
Eustachio hits you with a falchion of slicing.
* * * LOW HITPOINT WARNING * * *
x2 The white imp spits at you.
The white imp hits you.
* * * LOW HITPOINT WARNING * * *
The white imp freezes you.
You die...

#.....# #
####+.....+ ..
...#.....# #.[
#..#.....#
#...##..#.....#
#.......#.....#
#.......#b..>.#
#......†#5@...+
+.......r@b...#
#+####+##.....#
#....### #....+
#....# +....#
##+####+#....##+
.................#
.................#


You could see Eustachio, a white imp, a quokka and 2 bats.

Vanquished Creatures
  Grinder (D:3)
  2 scorpions
  2 orc wizards (D:3)
  A hound (D:4)
  A jelly (D:4)
  Ijyb (D:3)
  2 orc priests (D:3)
  A hound skeleton (D:4)
  7 adders
  A gnoll (D:2)
  A worm (D:3)
  16 orcs
  3 giant cockroaches
  6 goblins
  7 hobgoblins
  5 jackals
  5 kobolds
  13 bats
  3 giant geckos
  5 giant newts
  9 rats
92 creatures vanquished.

Notes
Turn   | Place    | Note
--------------------------------------------------------------
     0 | D:1      | Gorice the Octopode Wanderer began the quest for the Orb.
     0 | D:1      | Gorice set off with: a +2 mace, the Compendium of Transmigration, a potion of lignification {!q}, a bread ration {!e}
     0 | D:1      | Reached XP level 1. HP: 13/13 MP: 1/1
     0 | D:1      | Identified the Compendium of Transmigration
   295 | D:1      | Reached XP level 2. HP: 8/18 MP: 2/2
   730 | D:1      | Reached skill level 1 in Dodging
   767 | D:1      | Reached XP level 3. HP: 19/23 MP: 3/3
  1741 | D:2      | Reached skill level 2 in Fighting
  1741 | D:2      | Reached XP level 4. HP: 12/29 MP: 4/4
  2441 | D:3      | HP: 8/29 [poisoned by an adder]
  2773 | D:3      | Reached skill level 5 in Maces & Flails
  2773 | D:3      | Reached skill level 2 in Dodging
  2773 | D:3      | Reached XP level 5. HP: 11/35 MP: 5/5
  3041 | D:3      | Noticed Grinder
  3064 | D:3      | Paralysed by Grinder for 6 turns
  3072 | D:3      | Paralysed by Grinder for 4 turns
  3075 | D:3      | HP: 5/35 [Grinder/nerve-wracking pain (10)]
  3743 | D:3      | HP: 8/35 [Grinder (4)]
  3748 | D:3      | Paralysed by Grinder for 2 turns
  3753 | D:3      | Killed Grinder
  3753 | D:3      | Reached skill level 3 in Fighting
  3753 | D:3      | Reached skill level 6 in Maces & Flails
  3753 | D:3      | Reached XP level 6. HP: 15/42 MP: 6/6
  4032 | D:3      | Noticed Ijyb
  4039 | D:3      | Killed Ijyb
  4039 | D:3      | Reached skill level 3 in Dodging
  4325 | D:3      | Reached XP level 7. HP: 25/46 MP: 7/7
  4651 | D:4      | Noticed an ice beast
  4895 | D:4      | Noticed Blork the orc
  4981 | D:4      | Noticed Crazy Yiuf
  5200 | D:4      | Found a stormy altar of Qazlal.
  5796 | D:5      | Entered Level 5 of the Dungeon
  5800 | D:5      | Found a shimmering altar of Xom.
  5834 | D:5      | Found a shimmering altar of Xom.
  5864 | D:5      | You fall through a shaft!
  5884 | D:6      | Noticed Eustachio
  5898 | D:6      | Reached skill level 4 in Fighting
  5898 | D:6      | Reached skill level 7 in Maces & Flails
  5911 | D:6      | HP: 11/48 [white imp/puff of frost[Eustachio] (8)]
  5912 | D:6      | HP: 5/48 [Eustachio/falchion of slicing (1)]
  5912 | D:6      | HP: 2/48 [white imp[Eustachio] (3)]
  5912 | D:6      | Slain by a white imp

Vault maps used:
D:1:      zelgadis_glass_arrival_small, minmay_strange_pillars,
          minmay_stone_trees_large, minmay_misc_feat_plants,
          hangedman_decor_growths, minivault_5, hex_medium, st_stairs_1,
          grunt_decor_arrowhead, minivault_25, minivault_19
D:2:      first_bread
D:3:      uniq_grinder, uniq_iyjb
D:4:      grunt_qazlal_sundering, uniq_crazy_yiuf_cottage, uniq_blork_the_orc,
          uniq_eustachio
D:5:      lemuel_castle_with_subvaults, basic_altar, xom_redecorated,
          uniq_edmund
D:6:      minmay_temple_entry_poolview

Action                   |  1- 3 |  4- 6 |  7- 9 || total
-------------------------+-------+-------+-------++-------
Melee: Mace              |    68 |    32 |       ||   100
       Flail             |       |    42 |    60 ||   102
Throw: Stone             |     7 |     9 |    16 ||    32
Evoke: Wand              |       |       |     2 ||     2
  Use: Scroll            |     5 |     7 |       ||    12
       Potion            |       |     3 |       ||     3
 Stab: Sleeping          |     4 |     5 |       ||     9
       Distracted        |       |     1 |       ||     1
  Eat: Chunk             |     3 |     8 |     4 ||    15

Table legend:
 A = Turns spent in this place as a percentage of turns spent in the entire game.
 B = Non-inter-level travel turns spent in this place as a percentage of non-inter-level travel turns spent in the entire game.
 C = Inter-level travel turns spent in this place as a percentage of turns spent in this place.
 D = Turns resting spent in this place as a percentage of non-inter-level travel turns spent in this place.
 E = Turns spent auto-exploring this place as a percentage of non-inter-level travel turns spent in this place.
 F = Non-inter-level travel turns spent in this place divided by the number of levels of this place that you've seen.
                   A       B       C       D       E      F
               +-------+-------+-------+-------+-------+----------------------
         Total | 100.0 | 100.0 |   0.8 |   4.5 |   5.5 | 246.0
       Dungeon | 100.0 | 100.0 |   0.8 |   4.5 |   5.5 | 246.0
               +-------+-------+-------+-------+-------+----------------------

Vault maps used:
D:1:      zelgadis_glass_arrival_small, minmay_strange_pillars,
          minmay_stone_trees_large, minmay_misc_feat_plants,
          hangedman_decor_growths, minivault_5, hex_medium, st_stairs_1,
          grunt_decor_arrowhead, minivault_25, minivault_19
D:2:      first_bread
D:3:      uniq_grinder, uniq_iyjb
D:4:      grunt_qazlal_sundering, uniq_crazy_yiuf_cottage, uniq_blork_the_orc,
          uniq_eustachio
D:5:      lemuel_castle_with_subvaults, basic_altar, xom_redecorated,
          uniq_edmund
D:6:      minmay_temple_entry_poolview
